AoeStats
← AoM92

Nomad

510076519Analyzed
4v4 RM · 2d ago on Sep 29, 2026· 16m 33s· 8 players
Game mode
Random Map
Map size
231×231
Population
200
Speed
Normal
Resources
Standard
Victory
Conquest
Starting age
Dark Age
Ending age
Imperial Age
RankedLock teamsTeams togetherTeam positionsShared explorationLock speedFull tech treeHidden civsTurbo modeCheats
Victory
Defeat
🇬🇷 Varangians · Greece
1308
+15
🇹🇼 Huns · Taiwan
1289
+16
🇭🇰 Danes · Hong Kong SAR China
1213
+19
🇭🇰 Khmer · Hong Kong SAR China
1209
+19
🇭🇺 Spanish · Hungary
1345
-19
🇧🇦 Teutons · Bosnia & Herzegovina
1331
-19
🇹🇷 Bulgarians · Türkiye
1259
-16
🇮🇱 Berbers · Israel
1226
-15
IAMDAGG
13:25 Feudal Age
mdzzxswl
6:19 Loom
12:23 Feudal Age
13:47 Wheelbarrow
13:11 Town Watch
13:55 Double-Bit Axe
Dr.Lang
5:30 Loom
13:48 Feudal Age
Papiz96
Mike
3:55 Loom
14:12 Feudal Age
17:56 Castle Age
1godi
4:55 Loom
14:30 Feudal Age
AoM92
sweetyboy
3:29 Loom
13:31 Feudal Age
19:03 Castle Age
Connection lost

Rejoining the realm…

Still unreachable

The connection could not be restored.

Session expired

The server has moved on; the page needs a fresh start.